 Dungeon Crawl Stone Soup version 0.19-a0-1277-g7cecae3 (webtiles) character file.

109610 Promi the Thaumaturge (level 16, -3/139 HPs)
             Began as a Yellow Draconian Fire Elementalist on Aug 30, 2016.
             Was a High Priest of Vehumet.
             Slain by a glaive of freezing (16 damage)
             ... on level 1 of the Elven Halls.
             The game lasted 03:35:39 (35000 turns).

Promi the Thaumaturge (DrFE)                       Turns: 35000, Time: 03:35:40

Health: -3/139     AC: 18    Str: 16    XL:     16   Next: 5%
Magic:  2/41       EV: 18    Int: 29    God:    Vehumet [*****.]
Gold:   2757       SH: 11    Dex: 15    Spells: 7 memorised, 13 levels left

rFire  + + +     SeeInvis .     C - +6 broad axe of Vacedgh {pain, Str+2 Int+2 Dex+3}
rCold  . . .     Gourm    +     (armour unavailable)
rNeg   . . .     Faith    .     N - +0 shield
rPois  +         Spirit   .     (helmet restricted)
rElec  +         Dismiss  .     u - +2 cloak
rCorr  +         Reflect  .     h - +2 pair of gloves
MR     +....     Harm     .     l - +2 pair of boots
Stlth  ++........               j - amulet of the gourmand
                                n - +6 ring of intelligence
                                A - ring "Fepyddoa" {rElec rF+++ rC- MP+9 Stlth-}

@: resistant, slowed, very slow
A: spit acid, acid resistance, unfitting armour, talons 1, strong 1, acidic
bite, cold-blooded, AC +9
a: Spit Acid, Renounce Religion


You were on level 1 of the Elven Halls.
You worshipped Vehumet.
Vehumet was extremely pleased with you.
You were very full.

You visited 6 branches of the dungeon, and saw 25 of its levels.

You collected 2789 gold pieces.
You spent 32 gold pieces at shops.

Inventory:

Hand Weapons
 C - the +6 broad axe of Vacedgh (weapon) {pain, Str+2 Int+2 Dex+3}
   (You found it on level 4 of the Lair of Beasts)

   In the hands of one skilled in necromantic magic, it inflicts extra damage on
   living creatures.
   It affects your strength (+2).
   It affects your intelligence (+2).
   It affects your dexterity (+3).
 Q - the +11 quarterstaff "Myotzex" {pain, rPois rF++ rC- Str+4}
   (You found it on level 12 of the Dungeon)

   In the hands of one skilled in necromantic magic, it inflicts extra damage on
   living creatures.
   It affects your strength (+4).
   It greatly protects you from fire.
   It makes you vulnerable to cold.
   It protects you from poison.
Armour
 h - a +2 pair of gloves (worn)
 l - a +2 pair of boots (worn)
 u - a +2 cloak (worn)
 N - a +0 shield (worn)
Jewellery
 j - an amulet of the gourmand (around neck)
 k - an uncursed ring of see invisible
 n - a +6 ring of intelligence (right hand)
 w - an uncursed ring of flight
 A - the ring "Fepyddoa" (left hand) {rElec rF+++ rC- MP+9 Stlth-}
   (You found it on level 6 of the Lair of Beasts)

   [ring of magical power]

   It renders you almost immune to fire.
   It makes you vulnerable to cold.
   It insulates you from electricity.
   It affects your magic capacity (+9).
   It makes you less stealthy.
 M - an uncursed ring of resist corrosion
 P - a +2 ring of strength
 S - an uncursed ring of positive energy
 T - an uncursed ring of protection from fire
Wands
 y - a wand of paralysis (15/24)
 B - a wand of iceblast (7/15)
 I - a wand of iceblast (11/15)
 J - a wand of paralysis (18/24)
 L - a wand of random effects (21/48)
Scrolls
 a - a scroll of enchant armour
 d - 6 scrolls of remove curse
 e - 2 scrolls of magic mapping
 o - 6 scrolls of teleportation
 s - 5 scrolls of recharging
 K - 3 scrolls of fear
 O - 5 scrolls of amnesia
 U - 3 scrolls of blinking
 X - 3 scrolls of identify
Potions
 c - 2 potions of flight
 m - 5 potions of brilliance
 q - 3 potions of cancellation
 r - 6 potions of curing
 t - a potion of magic
 v - a potion of cure mutation
 x - a potion of might
 z - 2 potions of resistance
 D - 4 potions of agility
 E - a potion of berserk rage
 Y - 2 potions of invisibility
 Z - 3 potions of haste
Books
 i - a book of Fire

   Spells                             Type                      Level
   a - Ignite Poison                  Fire/Transmutation/Poison    3
   b - Fireball                       Conjuration/Fire             5
   c - Bolt of Fire                   Conjuration/Fire             6
   d - Delayed Fireball               Conjuration/Fire             7
   e - Ring of Flames                 Charms/Fire                  7
Comestibles
 b - 6 bread rations
 f - 7 meat rations
 g - 18 fruits
 p - 21 beef jerkies
 F - 3 chunks of flesh
 H - a slice of pizza


   Skills:
 + Level 12.2 Fighting
 + Level 7.0(8.4) Axes
   Level 7.1(8.5) Polearms
 + Level 10.8 Dodging
 - Level 6.1 Stealth
 + Level 8.0 Shields
 + Level 12.3 Spellcasting
 + Level 10.4 Conjurations
 + Level 10.2 Fire Magic


You had 13 spell levels left.
You knew the following spells:

 Your Spells              Type           Power        Failure   Level  Hunger
a - Flame Tongue          Conj/Fire      #####        1%          1    None
b - Throw Flame           Conj/Fire      ######       1%          2    None
c - Conjure Flame         Conj/Fire      ######..     1%          3    None
d - Bolt of Magma         Conj/Fire/Erth ######....   3%          5    ##.....
e - Sticky Flame          Conj/Fire      ######..     1%          4    None
f - Fireball              Conj/Fire      ######....   1%          5    ##.....
g - Bolt of Fire          Conj/Fire      ######....   5%          6    ####...


Dungeon Overview and Level Annotations

Branches:
Dungeon (14/15)            Temple (1/1) D:7            Lair (6/6) D:10
 Shoals (0/4) Lair:4        Snake (1/4) Lair:4        Slime (0/5) Lair:5
    Orc (2/2) D:12            Elf (1/3) Orc:2
 Vaults: D:13-14

Altars:
Ashenzari
Cheibriados
Dithmenos
Elyvilon
Fedhas
Gozag
Hepliaklqana
Kikubaaqudgha
Makhleb
Nemelex Xobeh
Okawaru
Qazlal
Ru
Sif Muna
Trog
Uskayaw
Vehumet
Xom
Yredelemnul
Zin
The Shining One
Beogh

Shops:
D:5 %   D:6 *   Orc:1 (   Orc:2 *(=(   Elf:1 (


Innate Abilities, Weirdness & Mutations

You can spit globs of acid.
You are resistant to acid.
Your golden yellow scales are hard. (AC +9)
Your body does not fit into most forms of armour.
You have acidic saliva.
You are cold-blooded and may be slowed by cold attacks.
You have sharp toenails.
Your muscles are strong. (Str +2)


Message History

The glaive of freezing hits you from afar!!
You feel yourself slow down. The glaive of freezing freezes you!
You feel much better.
The glaive of freezing hits you from afar!!
You feel as though you will be slow longer.
The glaive of freezing freezes you!
Casting: Bolt of Fire
Confirm with . or Enter, or press ? or * to list all spells.
Aiming: Bolt of Magma
Press: ? - help, Shift-Dir - straight line, f/p - glaive of freezing
Aim: a glaive of freezing (severely damaged)
The bolt of magma misses the glaive of freezing.
The glaive of freezing hits you from afar!!
* * * LOW HITPOINT WARNING * * *
You feel as though you will be slow longer.
The glaive of freezing freezes you!
* * * LOW HITPOINT WARNING * * *
You feel protected.
The glaive of freezing hits you from afar!
You die...

...##.......##.##
#######.........#
##...###.###
##..# #.....!..
##.###########
##.#...###
##........#
##.........#
#.(...@....##
...#.....?....#
###.#...(.(....#
##..........##
##.........#
#.........#
#....∩....#
###.....#.#
###.#.#.#


You could see a glaive of freezing.

Vanquished Creatures
  Asterion (Snake:1)
  A fire giant (D:12)
  An orc warlord (D:12)
  The ghost of Geomchi the Stormcaller, a journeyman TeAE of Vehumet (Lair:5)
  The ghost of rlgrobin the Carver, a journeyman FoFi of Okawaru (Lair:2)
  Josephine (Snake:1)
  Harold (Lair:2)
  An ice dragon (Lair:6)
  6 hydras
  Erica (D:9)
  A catoblepas (Lair:4)
  An anaconda (Snake:1)
  A centaur warrior (D:14)
  9 death yaks
  8 orc high priests
  Urug (Lair:2)
  3 skeletal warriors (D:13)
  A deep elf knight (Elf:1)
  The ghost of rlgrobin the Fighter, a novice FoFi (D:6)
  An unseen horror (D:11)
  2 lindwurms (Lair:6)
  Pikel (D:8)
  3 orc knights
  3 griffons
  2 deep elf magi
  5 hill giants
  2 orc sorcerers
  An ugly thing (D:12)
  2 cyclopes
  A manticore (Lair:4)
  A black mamba (Lair:4)
  6 elephants
  A gargoyle (D:13)
  An ice statue (Lair:2)
  15 spiny frogs
  6 torpor snails (Lair:6)
  A freezing wraith (D:13)
  12 komodo dragons
  8 trolls
  9 polar bears
  3 meliai (D:13)
  Grinder (D:4)
  3 giant leeches (Lair:6)
  11 blink frogs
  A boulder beetle (Lair:6)
  3 raiju (Lair:6)
  Sigmund (D:4)
  A spriggan (D:7)
  A shadow (D:13)
  A tarantella (shapeshifter) (D:13)
  A water elemental (Elf:1)
  36 yaks
  A vampire (D:11)
  7 wraiths
  2 wyverns
  12 wargs
  2 hungry ghosts
  4 vampire mosquitoes (D:14)
  10 hippogriffs
  A mottled dragon (D:9)
  Edmund (D:4)
  A soldier ant (D:11)
  A naga (Lair:4)
  17 water moccasins
  2 hell hounds (Lair:6)
  12 porcupines
  4 sky beasts
  18 black bears
  28 orc warriors
  4 phantoms
  2 eyes of draining
  3 slaves (D:8)
  6 wasps (Lair:6)
  A necrophage (D:10)
  10 ice beasts
  20 wolves
  12 ogres
  15 crocodiles
  10 centaurs
  6 big kobolds
  20 giant frogs
  A wyvern zombie (D:11)
  2 scorpions
  4 killer bees (D:10)
  9 wights
  An electric eel (Lair:5)
  7 howler monkeys
  7 crimson imps
  2 centaur zombies
  2 giant frog zombies
  2 quasits
  7 jellies
  Crazy Yiuf (D:7)
  21 hounds
  6 giant frog skeletons
  40 orc priests
  2 centaur skeletons
  7 iguanas
  16 orc wizards
  9 worker ants
  A hound skeleton (D:10)
  3 worker ant zombies
  10 gnolls
  16 adders
  21 river rats
  4 shadow imps
  4 white imps (Lair:2)
  An ooze (Lair:5)
  2 worms (D:3)
  A dart slug (D:4)
  8 giant geckos
  78 orcs
  8 bats
  7 giant cockroaches
  11 goblins
  4 hobgoblins
  12 jackals
  3 quokkas
  A ball python (D:1)
  3 giant newts
  2 jackal skeletons
  29 kobolds
  7 rats
  2 fungi
  2 plants (Lair:6)
805 creatures vanquished.

Vanquished Creatures (others)
  3 orc wizards
  2 orcs (D:8)
  23 fungi
  43 plants
71 creatures vanquished.

Grand Total: 876 creatures vanquished

Notes
Turn   | Place    | Note
-------+----------+-------------------------------------------
     0 | D:1      | Promi the Draconian Fire Elementalist began the quest for the Orb.
     0 | D:1      | Reached XP level 1. HP: 14/14 MP: 3/3
   137 | D:1      | Reached XP level 2. HP: 16/20 MP: 5/5
   142 | D:1      | Learned a level 2 spell: Throw Flame
   683 | D:1      | Reached XP level 3. HP: 22/26 MP: 6/6
  1010 | D:2      | Reached skill level 1 in Fighting
  1054 | D:2      | Reached XP level 4. HP: 31/35 MP: 2/7
  1455 | D:2      | Found a bloodstained altar of Trog.
  2173 | D:3      | Learned a level 3 spell: Conjure Flame
  2303 | D:3      | Found an iron altar of Okawaru.
  2345 | D:3      | Found a burning altar of Makhleb.
  2350 | D:3      | Reached XP level 5. HP: 31/40 MP: 4/8
  2662 | D:3      | Learned a level 3 spell: Inner Flame
  2908 | D:3      | Gained mutation: Your muscles are strong. (Str +2) [potion of beneficial mutation]
  2939 | D:4      | Noticed Edmund
  3371 | D:4      | Found a sparkling altar of Nemelex Xobeh.
  3507 | D:4      | Noticed Grinder
  3595 | D:5      | Entered Level 5 of the Dungeon
  3796 | D:5      | Found a radiant altar of Vehumet.
  3805 | D:5      | Found a hazy altar of Hepliaklqana.
  3807 | D:5      | Found an ancient bone altar of Kikubaaqudgha.
  3808 | D:5      | Found a snail-covered altar of Cheibriados.
  3866 | D:5      | Found a basalt altar of Yredelemnul.
  3924 | D:5      | Reached XP level 6. HP: 44/48 MP: 4/10
  4559 | D:5      | Found Roozuote's Food Emporium.
  4617 | D:5      | Noticed a sky beast
  4624 | D:5      | Killed a sky beast
  4624 | D:5      | Your scales start taking on a golden yellow colour.
  4624 | D:5      | Reached XP level 7. HP: 53/56 MP: 1/12
  4821 | D:5      | Became a worshipper of Vehumet
  5174 | D:5      | Learned a level 4 spell: Sticky Flame
  5457 | D:6      | Found Ben Rada's General Store.
  5638 | D:6      | Noticed rlgrobin's ghost (novice FoFi)
  5898 | D:6      | Reached skill level 5 in Fire Magic
  6195 | D:6      | Reached XP level 8. HP: 46/66 MP: 0/14
  6196 | D:6      | Found a sacrificial altar of Ru.
  6606 | D:7      | Found a staircase to the Ecumenical Temple.
  7118 | D:7      | Reached * piety under Vehumet
  7118 | D:7      | Offered knowledge of Magic Dart by Vehumet.
  7172 | D:7      | Reached skill level 5 in Spellcasting
  7349 | D:7      | Reached skill level 5 in Conjurations
  7431 | D:7      | Found a runed door.
  7657 | D:7      | Noticed Crazy Yiuf
  7660 | D:7      | Killed Crazy Yiuf
  7822 | D:8      | Reached XP level 9. HP: 70/72 MP: 16/16
  8104 | D:8      | You fall through a shaft!
  8545 | D:8      | Reached skill level 5 in Fighting
  8673 | D:8      | Noticed a four-headed hydra
  8679 | D:8      | Killed a four-headed hydra
  9030 | D:9      | Noticed Erica
  9119 | D:9      | Reached skill level 5 in Dodging
  9140 | D:9      | Reached ** piety under Vehumet
  9146 | D:9      | Offered knowledge of Freeze by Vehumet.
  9153 | D:9      | Learned a level 5 spell: Fireball
  9644 | D:9      | Reached XP level 10. HP: 81/81 MP: 14/19
  9835 | D:9      | Noticed Pikel
  9938 | D:8      | Killed Pikel
 10348 | D:10     | Entered Level 10 of the Dungeon
 10407 | D:10     | Noticed an elephant
 10566 | D:10     | Killed an elephant
 10651 | D:10     | Found a staircase to the Lair.
 10727 | D:10     | Noticed a hill giant
 10851 | D:10     | Killed a hill giant
 11071 | D:10     | Offered knowledge of Mephitic Cloud by Vehumet.
 11216 | D:10     | Noticed a hill giant
 11530 | D:10     | Reached *** piety under Vehumet
 12062 | D:10     | Killed a hill giant
 12064 | D:10     | Offered knowledge of Force Lance by Vehumet.
 12072 | D:10     | Learned a level 6 spell: Bolt of Fire
 12196 | D:8      | Reached XP level 11. HP: 88/90 MP: 15/22
 12263 | Temple   | Entered the Ecumenical Temple
 12472 | D:6      | Killed rlgrobin's ghost
 12548 | D:4      | Noticed Sigmund
 12549 | D:4      | Killed Sigmund
 12602 | D:4      | Killed Grinder
 12741 | D:4      | Killed Edmund
 13488 | D:11     | Noticed an unseen horror
 13493 | D:11     | Killed an unseen horror
 13759 | D:11     | Reached **** piety under Vehumet
 13975 | D:11     | Offered knowledge of Dazzling Spray by Vehumet.
 13975 | D:11     | Reached skill level 5 in Stealth
 14754 | D:12     | Noticed an orc warlord
 14937 | Lair:1   | Entered Level 1 of the Lair of Beasts
 15663 | Lair:2   | Noticed Urug
 15672 | Lair:2   | Killed Urug
 16010 | Lair:2   | Reached skill level 1 in Polearms
 16204 | Lair:2   | Noticed Harold
 16325 | Lair:2   | Reached XP level 12. HP: 101/101 MP: 1/25
 16497 | Lair:2   | Noticed an ice dragon
 17041 | D:12     | Noticed a fire giant
 17353 | D:10     | Reached ***** piety under Vehumet
 17748 | Lair:2   | Offered knowledge of Bolt of Draining by Vehumet.
 18288 | Lair:2   | Noticed rlgrobin's ghost (journeyman FoFi)
 18847 | Lair:3   | Noticed a five-headed hydra
 18849 | Lair:3   | Killed a five-headed hydra
 18849 | Lair:3   | Reached skill level 5 in Polearms
 19042 | Lair:3   | Noticed an eight-headed hydra
 19048 | Lair:3   | Killed an eight-headed hydra
 19185 | Lair:3   | Noticed a death yak
 19186 | Lair:3   | Noticed a death yak
 19194 | Lair:3   | Killed a death yak
 19299 | Lair:2   | Killed Harold
 19572 | Lair:3   | Killed a death yak
 19872 | Lair:3   | Noticed a death yak
 19875 | Lair:3   | Noticed a death yak
 19876 | Lair:3   | Killed a death yak
 19969 | Lair:3   | Killed a death yak
 20233 | Lair:3   | Reached XP level 13. HP: 94/111 MP: 13/26
 20481 | Lair:4   | Gained mutation: You have sharp toenails. [potion of beneficial mutation]
 20483 | Lair:4   | Gained mutation: You have acidic saliva. [Yellow Draconian growth]
 20483 | Lair:4   | Reached XP level 14. HP: 118/118 MP: 26/29
 20525 | Lair:4   | Found a staircase to the Shoals.
 20571 | Lair:4   | Got a scorched broad axe
 20572 | Lair:4   | Identified the +6 broad axe of Vacedgh {pain, Str+2 Int+2 Dex+3} (You found it on level 4 of the Lair of Beasts)
 20651 | Lair:4   | Found a staircase to the Snake Pit.
 20660 | Snake:1  | Entered Level 1 of the Snake Pit
 20660 | Snake:1  | Noticed Asterion
 20665 | Snake:1  | Killed Asterion
 20665 | Snake:1  | Reached skill level 1 in Axes
 20798 | Snake:1  | Noticed Josephine
 20801 | Snake:1  | Killed Josephine
 21752 | Lair:4   | Reached skill level 10 in Fighting
 23472 | Lair:4   | Offered knowledge of Poisonous Cloud by Vehumet.
 23531 | Lair:5   | Reached skill level 10 in Conjurations
 23695 | Lair:5   | Found a staircase to the Slime Pits.
 23822 | Lair:5   | Noticed Geomchi's ghost (journeyman TeAE)
 23829 | Lair:5   | Killed Geomchi's ghost
 24167 | Lair:5   | Reached skill level 10 in Fire Magic
 24744 | Lair:5   | Found a glowing golden altar of the Shining One.
 24886 | Lair:5   | Reached skill level 1 in Shields
 25002 | Lair:6   | Entered Level 6 of the Lair of Beasts
 25405 | Lair:6   | Found a runed door.
 26077 | Lair:6   | Reached XP level 15. HP: 113/128 MP: 16/31
 27209 | Lair:6   | Reached skill level 5 in Axes
 27278 | Lair:6   | Paralysed by a wasp for 3 turns
 27446 | Lair:6   | Paralysed by a wasp for 2 turns
 27448 | Lair:6   | Reached skill level 10 in Dodging
 27858 | Lair:6   | Reached skill level 5 in Shields
 28369 | Lair:6   | Got a serpentine marble ring
 28371 | Lair:6   | Identified the ring "Fepyddoa" {rElec rF+++ rC- MP+9 Stlth-} (You found it on level 6 of the Lair of Beasts)
 28592 | Lair:6   | Offered knowledge of Bolt of Magma by Vehumet.
 28599 | Lair:6   | Learned a level 5 spell: Bolt of Magma
 28760 | Lair:2   | Killed rlgrobin's ghost
 28877 | D:9      | Killed Erica
 29450 | D:12     | Killed a fire giant
 29582 | D:12     | Killed an orc warlord
 29645 | D:12     | Found a staircase to the Orcish Mines.
 30078 | D:12     | Found a roughly hewn altar of Beogh.
 32497 | D:12     | Got a smoking quarterstaff
 32503 | D:12     | Identified the +11 quarterstaff "Myotzex" {pain, rPois rF++ rC- Str+4} (You found it on level 12 of the Dungeon)
 32529 | Orc:1    | Entered Level 1 of the Orcish Mines
 32604 | Orc:1    | Found Rimayrias's Antique Weapon Boutique.
 33230 | Orc:2    | Entered Level 2 of the Orcish Mines
 33372 | Orc:2    | Offered knowledge of Irradiate by Vehumet.
 33958 | Orc:2    | Found Xuurok's Jewellery Boutique.
 33958 | Orc:2    | Found Voaliem's Weapon Emporium.
 33993 | Orc:2    | Found a roughly hewn altar of Beogh.
 34234 | Orc:2    | Found Oxamuf's General Store.
 34239 | Orc:2    | Bought a scroll of identify for 32 gold pieces
 34247 | Orc:2    | Found Luoda's Weapon Emporium.
 34284 | Orc:2    | Found a staircase to the Elven Halls.
 34363 | Orc:2    | Reached XP level 16. HP: 106/139 MP: 31/32
 34873 | Elf:1    | Entered Level 1 of the Elven Halls
 34984 | Elf:1    | Found Ewkibij's Antique Weapon Shoppe.
 35000 | Elf:1    | Slain by a glaive of freezing

Vault maps used:
D:1:      kennysheep_arrival_forest
D:2:      trog_book
D:3:      minmay_diamond_boxcup, old_standard_altar, okawaru_metal_pillars_3
D:4:      nemelex_diamond_rough_becter, uniq_grinder, uniq_sigmund, uniq_edmund
D:5:      minitemple, first_bread, serial_shops, shop, basic_altar
D:6:      serial_curves, eino_curves_01, eino_curves_01, serial_shops,
          nicolae_shop_behind_doors, minmay_misc_feat_square,
          kennysheep_flooded_box, nicolae_ru_sacrificial_ziggurat
D:7:      the_bakery, uniq_crazy_yiuf_cottage
D:8:      minivault_22, feat_on_display
D:9:      uniq_pikel, uniq_erica
D:10:     david_lair_generic
D:12:     orc_temple, kennysheep_just_a_vault
D:14:     erik_vaults_1, minmay_misc_feat_cross, uniq_nessos, uniq_louise
Temple:   eino_temple_scatter_basement
Lair:1:   small_statue_intersection
Lair:2:   ice2_lemuel, grunt_megastairs_2, uniq_urug, uniq_harold
Lair:3:   grunt_megastairs_1
Lair:4:   minmay_shoals_entry_beasts, guppyfry_snake_entry_garden,
          grunt_megastairs_4, lemuel_fruit_tree
Lair:5:   nicolae_slime_entry_slimehenge, basic_altar, serial_bayou_lagoon_a
Lair:6:   wormcave, hangedman_lair_caniforms_friends, grunt_megastairs_5
Snake:1:  portal_ice_cave_entry_ice_statue_two, uniq_asterion, uniq_josephine
Orc:1:    serial_shops, nicolae_shop_statue_plus
Orc:2:    st_orc_town, mines2_lemuel
Elf:1:    serial_shops, shop, minmay_elf_sorcery

Skill      XL: |  1  2  3  4  5  6  7  8  9 10 11 12 13 14 15 16 |
---------------+-------------------------------------------------+-----
Dodging        | 2 3 4 5 7 8 9 10 | 10.8
Stealth        | 2 3 4 6 |  6.1
Fighting       | 1 2 3 4 5 6 8 9 10 12 | 12.2
Conjurations   | 2 3 5 6 8 10 | 10.4
Fire Magic     | 4 5 6 7 9 10 | 10.2
Spellcasting   | 3 4 5 6 7 9 11 12 | 12.3
Polearms       | 1 7 |  7.1
Axes           | 4 7 |  7.0
Shields        | 3 7 8 |  8.0

Action                   |  1- 3 |  4- 6 |  7- 9 | 10-12 | 13-15 | 16-18 || total
-------------------------+-------+-------+-------+-------+-------+-------++-------
Melee: Spear             |    78 |   174 |   232 |   226 |     7 |       ||   717
       Tailslap          |     8 |     6 |    17 |    29 |   113 |     1 ||   174
       Trident           |       |       |       |    15 |       |       ||    15
       Broad axe         |       |       |       |       |   813 |    22 ||   835
       Bite              |       |       |       |       |    82 |     2 ||    84
 Cast: Flame Tongue      |    14 |    84 |   154 |   328 |    25 |     1 ||   606
       Throw Flame       |       |     5 |    22 |   129 |    85 |     6 ||   247
       Conjure Flame     |       |     1 |     6 |    26 |     1 |       ||    34
       Sticky Flame      |       |       |    23 |    71 |    46 |       ||   140
       Fireball          |       |       |       |     9 |    33 |       ||    42
       Inner Flame       |       |       |       |     1 |       |       ||     1
       Bolt of Fire      |       |       |       |    56 |   174 |    12 ||   242
       Bolt of Magma     |       |       |       |       |    14 |     1 ||    15
 Abil: Spit Acid         |       |       |     1 |       |       |       ||     1
Evoke: Wand              |       |       |       |       |     1 |       ||     1
  Use: Scroll            |     5 |     6 |     7 |     7 |    14 |       ||    39
       Potion            |     2 |     4 |     1 |     4 |     5 |     2 ||    18
 Stab: Sleeping          |     9 |     8 |     5 |     3 |    11 |       ||    36
       Distracted        |       |       |       |       |     3 |       ||     3
  Eat: Chunk             |     1 |    10 |    12 |    36 |    93 |     4 ||   156
       Fruit             |       |     2 |       |     2 |     1 |       ||     5
       Bread ration      |       |       |     1 |     3 |       |       ||     4
       Pizza             |       |       |     1 |     2 |       |       ||     3
       Meat ration       |       |       |       |     1 |       |       ||     1
       Beef jerky        |       |       |       |     1 |       |       ||     1
Armor: Skin              |    22 |    64 |   120 |   148 |   355 |     5 ||   714
Dodge: Dodged            |    60 |   133 |   211 |   347 |   908 |    10 ||  1669
Block: Shield            |       |       |       |       |   314 |    12 ||   326
